 Dungeon Crawl Stone Soup version 0.29.1-12-g30fa7ad0bf (webtiles) character file.

Game seed: 6969624428445845746

34 Sanktem7 the Trooper (level 3, 0/34 HPs)
             Began as a Minotaur Fighter on Dec 26, 2022.
             Succumbed to an adder's poison
             ... on level 2 of the Dungeon.
             The game lasted 00:01:53 (755 turns).

Sanktem7 the Trooper (Minotaur Fighter)              Turns: 755, Time: 00:01:54

Health: 0/34       AC:  9    Str: 22    XL:     3   Next: 14%
Magic:  2/2        EV:  7    Int:  5    God:
Gold:   62         SH:  4    Dex:  9    Spells: 2/2 levels left

rFire   . . .      SeeInvis .   a - +0 war axe {axe}
rCold   . . .      Faith    .   c - +0 buckler
rNeg    . . .      Spirit   .   l - +0 chain mail
rPois   .          Reflect  .   (helmet restricted)
rElec   .          Harm     .   (no cloak)
rCorr   .          Rampage  .   (no gloves)
Will    .....                   (no boots)
Stlth   ..........              (no amulet)
HPRegen 0.11/turn               (no ring)
MPRegen 0.08/turn               (no ring)

@: lethally poisoned (0 -> -2), on berserk cooldown, slowed, very slow
A: horns 2, retaliatory headbutt
a: no special abilities


You were on level 2 of the Dungeon.
You visited 1 branch of the dungeon, and saw 2 of its levels.

You collected 62 gold pieces.


Innate Abilities, Weirdness & Mutations

You have a pair of horns on your head.
You reflexively headbutt those who attack you in melee.


   Skills:
 * Level 4.3 Fighting
 * Level 3.3 Axes
 + Level 4.0 Armour
 - Level 3.6 Shields


You had 2 spell levels left.
You didn't know any spells.
Your spell library was empty.

Inventory:

Hand Weapons
 a - a +0 war axe (weapon) {axe}
Missiles
 e - 3 stones (quivered) {throwing}
Armour
 c - a +0 buckler (worn)
 l - a +0 chain mail (worn)
   (You found it on level 1 of the Dungeon)
Scrolls
 b - a scroll of magic mapping {unknown}
 g - a scroll of amnesia {unknown}
 h - 2 scrolls of identify {unknown}
 j - a scroll of immolation {unknown}
 k - 2 scrolls of teleportation {unknown}
Potions
 d - a potion of might
 f - a potion of haste {unknown}
 i - a potion of resistance {unknown}
 m - a potion of degeneration {unknown}

Dungeon Overview and Level Annotations

Branches:
Dungeon (2/15) Zot: 11226

Altars:

. # #...#. .#
....#.#.#...#.#
.......#.#..#..##
................## #
...(.......#..#..#.#
........#..#.##....#
........#.<........#
......#.....#.......
......†.).@..?#...
......†.#...##......
..........### .....
.....#.#### ....
....... ... ......#
.. ...... . ......


There were no monsters in sight!


Message History

Things that are here:
a +0 short sword {short}; 3 stones {throwing} You closely miss the frilled lizard.
The frilled lizard bites you but does no damage.
You closely miss the adder. You slash the frilled lizard!
You kill the frilled lizard!
The adder bites you but does no damage.
You barely miss the adder. You headbutt the adder.
The adder bites you but does no damage. x2
You barely miss the adder. The adder bites you.
You block the adder's attack. 😕 HP[-1]
You take 1 damage, and now have 26/27 hp.
You slash the adder! The adder bites you but does no damage.
The adder barely misses you.
You hit the adder but do no damage. The adder bites you but does no damage.
The adder bites you. 😕 HP[-1]
You take 1 damage, and now have 25/27 hp.
You barely miss the adder. The adder bites you but does no damage.
You miss the adder. The adder completely misses you.
The adder bites you but does no damage.
You closely miss the adder. The adder closely misses you. The adder bites you.
You are poisoned.
The adder poisons you! 😕 HP[-2]
You take 2 damage, and now have 23/27 hp.
You completely miss the adder.
You feel sick. The adder bites you but does no damage.
The adder closely misses you. 😕 HP[-2]
You take 2 damage, and now have 21/27 hp.
You barely miss the adder.
You feel sick. The adder bites you but does no damage.
The adder bites you. 😮 HP[-2]
You take 2 damage, and now have 19/27 hp.
You barely miss the adder.
You feel sick. You block the adder's attack.
The adder barely misses you. 😮 HP[-1]
You take 1 damage, and now have 18/27 hp.
You closely miss the adder.
You feel sick.
You are no longer poisoned.
The adder bites you.
You are poisoned.
The adder poisons you! 😮 HP[-3]
You take 3 damage, and now have 15/27 hp.
You hit the adder but do no damage.
You feel very sick. The adder bites you but does no damage.
The adder closely misses you. 😨 HP[-3]
You take 3 damage, and now have 12/27 hp.
You miss the adder.
You feel sick. The adder bites you.
* * * LOW HITPOINT WARNING * * *
You are lethally poisoned!
The adder poisons you! The adder barely misses you. You furiously retaliate!
You headbutt the adder!
You kill the adder!
Your Armour skill increases to level 4!
You have reached level 3!
Your experience leads to an increase in your attributes!
Increase (S)trength, (I)ntelligence, or (D)exterity?
You feel stronger. x2 😨 HP[-2] MP[+1]
You now have 34 max hp (+7).
Your mp is fully restored (2).
There is a lethal amount of poison in your body!
There is a lethal amount of poison in your body!
* * * LOW HITPOINT WARNING * * *
You feel very sick. 😱 HP[-3]
You take 3 damage, and now have 7/34 hp.
* * * LOW HITPOINT WARNING * * *
You feel sick. 😱 HP[-2]
You take 2 damage, and now have 5/34 hp.
* * * LOW HITPOINT WARNING * * *
You feel sick.
Unknown command.
It was a potion of berserk rage.
A red film seems to cover your vision as you go berserk!
You feel yourself moving faster!
You feel mighty!
You feel sick. 😱 HP[+1]
You now have 51 max hp (+17).
Unknown command.
You are too berserk!
You start resting.
You feel a strong urge to attack something.
You feel sick. 😱 HP[-1]
You take 1 damage, and now have 5/51 hp.
You are too berserk!
You feel sick.
e - 3 stones {throwing} You see here a +0 short sword {short}.
You feel your anger nearly subside.
You are no longer berserk.
You are exhausted.
You feel yourself slow down.
* * * LOW HITPOINT WARNING * * *
You feel sick. 😱 HP[-3]
You now have 34 max hp (-17).
You die...

Skill      XL: |  1  2 |
---------------+-------+-----
Fighting       | 4 |  4.3
Axes           | 3 |  3.3
Armour         | 4 |  4.0
Shields        | |  3.6

Action                   || total
-------------------------++-------
Melee: War axe           ||    53
       Headbutt          ||     6
  Use: Potion            ||     1
Armor: Scale mail        ||    26
       Chain mail        ||    12
Dodge: Dodged            ||    29
Block: Buckler           ||     9

Levels and vault maps discovered:
D:1:      shiori_arrival_elements, layout_loops_ring
D:2:      layout_rooms, nrook_mini_vaults, minmay_circle_x

Notes
Turn   | Place    | Note
-------+----------+-------------------------------------------
     0 | D:1      | Sanktem7 the Minotaur Fighter began the quest for the Orb.
     0 | D:1      | Reached XP level 1. HP: 19/19 MP: 0/0
     0 | D:1      | magus.rc [v1.9.6]
   277 | D:1      | Reached XP level 2. HP: 27/27 MP: 1/1
   303 | D:1      | Reached skill level 4 in Fighting
   354 | D:1      | Reached skill level 3 in Axes
   747 | D:2      | Reached skill level 4 in Armour
   747 | D:2      | Reached XP level 3. HP: 10/34 MP: 2/2
   747 | D:2      | HP: 7/34 [poisoned by an adder]
   752 | D:2      | HP: 5/51 [poisoned by an adder]
   754 | D:2      | HP: 2/34 [poisoned by an adder]
   755 | D:2      | Succumbed to an adder's poison

Vanquished Creatures
  An adder (D:2)
  2 dart slugs (D:1)
  5 bats (D:1)
  An endoplasm (D:1)
  2 giant cockroaches (D:1)
  A goblin (D:1)
  A hobgoblin (D:1)
  A quokka (D:1)
  3 frilled lizards
  2 kobolds
19 creatures vanquished.

Table legend:
 A = Non-vault XP
 B = Vault XP
 C = Vault XP percentage of total XP
 D = Non-vault monster count
 E = Vault monster count
 F = Vault count percentage of total count
                 A         B        C        D         E       F
            +---------+---------+-------+---------+---------+-------
      Total |      49 |       0 |   0.0 |      19 |       0 |   0.0
            +---------+---------+-------+---------+---------+-------
        D:1 |      33 |       0 |   0.0 |      16 |       0 |   0.0
        D:2 |      16 |       0 |   0.0 |       3 |       0 |   0.0
            +---------+---------+-------+---------+---------+-------

Illustrated notes

Table legend:
 A = Kills in this place as a percentage of kills in entire the game.
 B = Kills by you in this place as a percentage of kills by you in the entire game.
 C = Kills by friends in this place as a percentage of kills by friends in the entire game.
 D = Other kills in this place as a percentage of other kills in the entire game.
 E = Experience gained in this place as a percentage of experience gained in the entire game.
 F = Experience gained in this place divided by the number of levels of this place that you have seen.
                   A       B       C       D       E      F
               +-------+-------+-------+-------+-------+----------------------
         Total | 100.0 | 100.0 |   N/A |   N/A | 100.0 |  24.5
       Dungeon | 100.0 | 100.0 |   N/A |   N/A | 100.0 |  24.5
               +-------+-------+-------+-------+-------+----------------------

Table legend: (Time is in decaauts)
 A = Elapsed time spent in this place.
 B = Non-inter-level travel time spent in this place.
 C = Inter-level travel time spent in this place.
 D = Time resting spent in this place.
 E = Time spent auto-exploring this place.
 F = Levels seen in this place.
 G = Mean time per level.
                   A        B        C        D        E       F      G
               +--------+--------+--------+--------+--------+-----+--------+
         Total |    774 |    750 |     24 |      0 |    597 |   2 |  387.0 |
       Dungeon |    774 |    750 |     24 |      0 |    597 |   2 |  387.0 |
               +--------+--------+--------+--------+--------+-----+--------+

Top non-repeatable levels by time:
     D:1: 737 daAuts
     D:2: 36 daAuts
